 Dungeon Crawl Stone Soup version 0.31-a0-369-g8eba5f6939 (webtiles) character file.

Game seed: 11324956347492889398

669 lessens the Chopper (level 7, 0/52 HPs)
             Began as a Demonspawn Fighter on July 29, 2023.
             Succumbed to Sigmund's poison
             ... on level 4 of the Dungeon.
             The game lasted 00:05:03 (3543 turns).

lessens the Chopper (Demonspawn Fighter)            Turns: 3543, Time: 00:05:04

Health: 0/52       AC: 10    Str: 18    XL:     7   Next: 32%
Magic:  7/7        EV:  9    Int: 13    God:
Gold:   114        SH:  5    Dex: 17    Spells: 6/6 levels left

rFire   . . .        a - +0 war axe
rCold   . . .        c - +0 buckler
rNeg    + . .        b - +0 scale mail
rPois   .            (no helmet)
rElec   .            (no cloak)
rCorr   .            (no gloves)
SInv    .            n - +0 pair of boots
Will    .....        (no amulet) Stlth
                     j - ring of positive energy
HPRegen 0.28/turn    s - +6 ring of dexterity
MPRegen 0.10/turn

%: no passive effects
@: lethally poisoned (0 -> -6), attractive, hasted, very quick
A: slimy green scales 2, weakness stinger 1, clever 1, subdued magic 1
a: no special abilities


You were on level 4 of the Dungeon.
You visited 1 branch of the dungeon, and saw 4 of its levels.
You also visited: Sewer and Ossuary.

You collected 114 gold pieces.

Inventory:

Hand Weapons
 a - a +0 war axe (weapon)
 t - a +1 dagger of venom
Missiles
 f - 37 stones
 p - 6 silver javelins
 q - 2 boomerangs
 u - 16 poisoned darts
 w - a curare-tipped dart
Armour
 b - a +0 scale mail (worn)
 c - a +0 buckler (worn)
 n - a +0 pair of boots (worn)
Jewellery
 j - a ring of positive energy (left hand)
 s - a +6 ring of dexterity (right hand)
Wands
 F - a wand of polymorph (5)
Scrolls
 h - a scroll of amnesia {unknown}
 i - 2 scrolls of fog
 o - 2 scrolls of teleportation
 v - a scroll of blinking {unknown}
 y - a scroll of noise {unknown}
 A - a scroll of fear {unknown}
 E - a scroll of summoning {unknown}
Potions
 d - a potion of might
 g - 2 potions of heal wounds
 k - a potion of enlightenment {unknown}
 l - 2 potions of mutation
 m - a potion of attraction
 r - 3 potions of lignification
 x - 2 potions of haste
 z - a potion of invisibility {unknown}
 C - 2 potions of ambrosia {unknown}
 D - a potion of curing {unknown}
 G - a potion of magic {unknown}


   Skills:
 - Level 3.0 Fighting
 + Level 7.6 Axes
 - Level 2.6 Armour
 - Level 2.6 Shields


You had 6 spell levels left.
You didn't know any spells.
Your spell library was empty.

Dungeon Overview and Level Annotations

Branches:
Dungeon (4/15) Zot: 21142   Sewer (visited)         Ossuary (visited)
 Temple: D:4-7

Altars:
Wu Jian

Annotations:
D:4 Dowan, Duvessa, Sigmund


Innate Abilities, Weirdness & Mutations

You are mostly covered in slimy green scales. (AC +3)
You have a small tail.
Your mind is acute. (Int +4, Str/Dex -1)
Your spells are a little easier to cast, but a little less powerful.


Message History

You slash the orc!
You kill the orc!
You hit the orc. Duvessa hits you but does no damage. Something hits you.
You block the orc's attack.
You closely miss Duvessa. You tail-slap Duvessa.
Duvessa is lightly wounded.
You closely miss the orc. You block Duvessa's attack.
The orc hits you with a +0 flail of protection.
Duvessa zaps a wand.
The puff of flame hits you!
You hit Duvessa but do no damage. You tail-slap Duvessa.
Duvessa is moderately wounded.
You closely miss the orc. Something hits you.
Duvessa hits you but does no damage.
You slash Duvessa!
Duvessa is heavily wounded.
You hit the orc but do no damage. The orc closely misses you.
Duvessa zaps a wand.
The puff of flame hits you.
You hit Duvessa.
Duvessa is severely wounded.
You barely miss the orc. You block Duvessa's attack. Something hits you!
You are poisoned.
The orc barely misses you.
You barely miss the orc.
The orc is heavily wounded.
You hit Duvessa but do no damage. You slash Dowan!
You feel very sick.
Duvessa zaps a wand.
The puff of flame hits you but does no damage.
You block the orc's attack. Dowan hits you with a +0 dagger.
* * * LOW HITPOINT WARNING * * *
You feel sick. Duvessa hits you but does no damage.
Things that are here:
a +0 flail; a +0 leather armour; an orc corpse Duvessa attacks as you move away!
Duvessa hits you with a +0 short sword.
* * * LOW HITPOINT WARNING * * *
You feel sick.
Duvessa zaps a wand.
The puff of flame hits you!
* * * LOW HITPOINT WARNING * * *
It was a potion of attraction.
You feel attractive to monsters.
You die...

.> # . ........#
###..###.# .......#
#......#.#.. .......
#.#.#.##....####....
#.....<..#.....#..#
###.##..#####..#..####.
#........ee)........
####..##.#o#..####.#
####'##.#@#.....
#...#.#.#$#.......
#...###.#.#.......
#...#...# #.#.#.......
######### #.#.#.!.....
...#. .......###..
#.>.#. ....# #...#. ..#
+## ##


You could see Duvessa (fast), Dowan and an orc.

Vanquished Creatures
  A kobold brigand (Sewer)
  6 water moccasin zombies (Ossuary)
  2 mummies (Ossuary)
  8 gnolls
  5 adders
  4 adder zombies (Ossuary)
  3 worms
  2 orcs (D:4)
  13 ball pythons
  9 bats
  3 endoplasms
  7 giant cockroaches
  A goblin (D:2)
  7 hobgoblins
  6 jackals (D:3)
  A quokka (D:2)
  4 frilled lizards
  2 gnoll zombies (Ossuary)
  A hobgoblin zombie (Ossuary)
  21 kobolds
  8 kobold zombies (Ossuary)
  5 orc zombies (Ossuary)
  10 rats
129 creatures vanquished.

Notes
Turn   | Place    | Note
-------+----------+-------------------------------------------
     0 | D:1      | lessens the Demonspawn Fighter began the quest for the Orb.
     0 | D:1      | Reached XP level 1. HP: 18/18 MP: 1/1
   217 | D:1      | Reached skill level 2 in Axes
   414 | D:1      | Found a faded altar of an unknown god.
   647 | D:1      | Gained mutation: You are partially covered in slimy green
                  | scales. (AC +2) [demonic ancestry]
   647 | D:1      | Reached XP level 2. HP: 24/24 MP: 2/2
  1252 | D:2      | Reached skill level 3 in Axes
  1439 | D:2      | Gained mutation: You have a small tail. [demonic ancestry]
  1439 | D:2      | Reached XP level 3. HP: 15/29 MP: 3/3
  1511 | D:2      | Reached XP level 4. HP: 5/35 MP: 4/4
  1643 | D:2      | Reached skill level 4 in Axes
  2184 | D:3      | Found a glowing drain.
  2205 | D:3      | Gained mutation: You are mostly covered in slimy green
                  | scales. (AC +3) [demonic ancestry]
  2205 | D:3      | Reached XP level 5. HP: 37/41 MP: 5/5
  2217 | Sewer    | Entered a sewer
  2479 | Sewer    | Reached skill level 5 in Axes
  2572 | Sewer    | Identified the +0 robe of Chimes {Fly rF- rC++ Str+2}
  2635 | D:3      | Found an ornate altar of the Wu Jian Council.
  2665 | D:3      | Gained mutation: Your spells are a little easier to cast,
                  | but a little less powerful. [potion of mutation]
  2665 | D:3      | Gained mutation: Your mind is acute. (Int +4, Str/Dex -1)
                  | [potion of mutation]
  2675 | D:3      | Reached XP level 6. HP: 32/47 MP: 6/6
  3122 | D:4      | Found a sand-covered staircase.
  3127 | Ossuary  | Entered an ossuary
  3163 | Ossuary  | Reached skill level 6 in Axes
  3353 | Ossuary  | Reached skill level 7 in Axes
  3353 | Ossuary  | Reached XP level 7. HP: 42/52 MP: 7/7
  3525 | D:4      | Noticed Duvessa
  3525 | D:4      | Noticed Dowan
  3525 | D:4      | Noticed Sigmund
  3542 | D:4      | HP: 1/52 [Duvessa/puff of flame (8)]
  3543 | D:4      | Succumbed to Sigmund's poison

Illustrated notes

Levels and vault maps discovered:
D:1:      dpeg_arrival_circle_labyrinth_c, layout_basic,
          shapermc_ecumenical_altar_pompeii, amcnicky_mini_rare_corridor_liquid,
          kennysheep_flooded_box
D:2:      layout_loops_ring, minmay_3d_cube
D:3:      layout_rooms, nicolae_wu_jian_wuxing_cycle, portal_sewer_entry_c
D:4:      layout_basic, nicolae_ossuary_entry_false_entrances, uniq_duvessa,
          uniq_sigmund, uniq_robin

Skill      XL: |  1  2  3  4  5  6 |
---------------+-------------------+-----
Axes           | 2 3 4 5 7 |  7.6
Fighting       | |  3.0
Armour         | |  2.6
Shields        | |  2.6

Action                     |  1- 3 |  4- 6 |  7- 9 || total
---------------------------+-------+-------+-------++-------
  Melee: War axe           |    87 |   183 |    38 ||   308
         Tailslap          |     3 |    25 |     7 ||    35
         Dagger            |       |    29 |       ||    29
    Use: Potion            |       |     2 |     2 ||     4
         Scroll            |       |     2 |     3 ||     5
 Armour: Scale mail        |    47 |   107 |    25 ||   179
  Dodge: Dodged            |    44 |   100 |    17 ||   161
  Block: Buckler           |    20 |    55 |    13 ||    88

Table legend: (Time is in decaauts)
 A = Elapsed time spent in this place.
 B = Non-inter-level travel time spent in this place.
 C = Inter-level travel time spent in this place.
 D = Time resting spent in this place.
 E = Time spent auto-exploring this place.
 F = Levels seen in this place.
 G = Mean time per level.
                   A        B        C        D        E       F      G
               +--------+--------+--------+--------+--------+-----+--------+
         Total |   3666 |   3574 |     92 |    117 |   2696 |   6 |  611.0 |
       Dungeon |   2857 |   2765 |     92 |    117 |   2145 |   4 |  714.2 |
         Sewer |    404 |    404 |      0 |      0 |    285 |   1 |  404.0 |
       Ossuary |    404 |    404 |      0 |      0 |    265 |   1 |  404.0 |
               +--------+--------+--------+--------+--------+-----+--------+

Top non-repeatable levels by time:
     D:2: 1052 daAuts
     D:1: 1048 daAuts
     D:3: 717 daAuts
   Sewer: 404 daAuts
 Ossuary: 404 daAuts
     D:4: 40 daAuts

Levels and vault maps discovered:
D:1:      dpeg_arrival_circle_labyrinth_c, layout_basic,
          shapermc_ecumenical_altar_pompeii, amcnicky_mini_rare_corridor_liquid,
          kennysheep_flooded_box
D:2:      layout_loops_ring, minmay_3d_cube
D:3:      layout_rooms, nicolae_wu_jian_wuxing_cycle, portal_sewer_entry_c
D:4:      layout_basic, nicolae_ossuary_entry_false_entrances, uniq_duvessa,
          uniq_sigmund, uniq_robin
